 Dungeon Crawl Stone Soup version 0.26.0-10-g1f06aea511 (webtiles) character file.

Game seed: 8942363377311256158

2 Goblin1989 the Sneak (level 1, 0/18 HPs)
             Began as a Demonspawn Delver on Jan 31, 2021.
             Succumbed to a worker ant's poison
             ... on level 4 of the Dungeon.
             The game lasted 00:00:35 (65 turns).

Goblin1989 the Sneak (Demonspawn Delver)              Turns: 65, Time: 00:00:36

Health: 0/18       AC:  3    Str: 12    XL:     1   Next: 25%
Magic:  1/1        EV: 12    Int: 11    God:
Gold:   14         SH:  0    Dex: 14    Spells: 0/0 levels left

rFire    . . .     SeeInvis +   a - +0 mace
rCold    . . .     Faith    .   (no shield)
rNeg     . . .     Spirit   .   b - +0 leather armour
rPois    .         Reflect  .   (no helmet)
rElec    .         Harm     .   (no cloak)
rCorr    .         Rampage  .   (no gloves)
Will     .....                  (no boots)
Stlth    ++........             (no amulet)
HPRegen  0.06/turn              s - ring of see invisible
MPRegen  0.07/turn              (no ring)

@: lethally poisoned (0 -> -11), hasted, very quick
A: no striking features
a: no special abilities


You were on level 4 of the Dungeon.
You visited 1 branch of the dungeon, and saw 2 of its levels.

You collected 14 gold pieces.

Inventory:

Hand Weapons
 a - a +0 mace (weapon)
Armour
 b - a +0 leather armour (worn)
Jewellery
 s - a ring of see invisible (left hand)
Wands
 g - a wand of digging (3) {@v1}
Scrolls
 c - a scroll of fog
 e - a scroll of fear
 M - a scroll of magic mapping


   Skills:
 - Level 3.0 Fighting
 + Level 2.0 Maces & Flails
 - Level 1.7 Dodging
 - Level 4.5 Stealth


You couldn't memorise any spells.
You didn't know any spells.
Your spell library was empty.

Dungeon Overview and Level Annotations

Branches:
Dungeon (5/15)
 Temple: D:4-7

Altars:


Message History

You become a hell wizard!
Welcome, Goblin1989 the Demonspawn Delver.
It is said that the Orb of Zot exists deep within this dungeon.
Press ? for a list of commands and other information.
Found a murky orange potion and a bronze ring.
Found an escape hatch in the floor.
Found a stone staircase leading down and a stone staircase leading up.
There is an escape hatch in the floor here.
N - a bronze ring
There is a stone staircase leading up here.
N - a ring of see invisible (left hand)
s - a ring of see invisible (left hand)
You climb upwards.
There is a stone staircase leading down here.
Found a stone staircase leading down.
A leopard gecko comes into view.
Found a scroll labelled VAIQAV MUELEYG and 14 gold pieces.
The helpless leopard gecko fails to defend itself.
You hit the leopard gecko.
The leopard gecko is moderately wounded.
The leopard gecko bites you.
You take 1 damage, and have 17/18 hp.
You hit the leopard gecko.
You kill the leopard gecko!
Your Maces & Flails skill increases to level 2!
Unknown command.
Health restored: 18 You now have 14 gold pieces.
A worker ant comes into view.
Found a hardcover book.
Found a stone staircase leading down.
Unknown command.
You feel yourself speed up. The worker ant misses you.
You barely miss the worker ant. The worker ant barely misses you.
You hit the worker ant but do no damage.
The worker ant barely misses you.
You hit the worker ant but do no damage.
The worker ant bites you.
You are poisoned.
The worker ant poisons you!
You take 2 damage, and have 16/18 hp.
You barely miss the worker ant.
You feel sick. The worker ant misses you.
You take 1 damage, and have 15/18 hp.
You hit the worker ant.
The worker ant is lightly wounded.
The worker ant misses you.
You hit the worker ant but do no damage.
The worker ant is lightly wounded.
You feel sick. The worker ant bites you.
You are lethally poisoned!
The worker ant poisons you!
You take 4 damage, and have 11/18 hp.
MASSIVE DAMAGE!!
You barely miss the worker ant.
The worker ant is lightly wounded.
You feel sick. The worker ant misses you.
You take 1 damage, and have 10/18 hp.
You closely miss the worker ant.
The worker ant is lightly wounded.
You feel sick. The worker ant closely misses you.
You take 1 damage, and have 9/18 hp.
You hit the worker ant.
The worker ant is moderately wounded.
* * * LOW HITPOINT WARNING * * *
You feel sick. The worker ant bites you.
* * * LOW HITPOINT WARNING * * *
You take 2 damage, and have 7/18 hp.
You barely miss the worker ant.
The worker ant is moderately wounded.
* * * LOW HITPOINT WARNING * * *
You feel sick. The worker ant bites you.
* * * LOW HITPOINT WARNING * * *
You take 2 damage, and have 5/18 hp.
You closely miss the worker ant.
The worker ant is moderately wounded.
* * * LOW HITPOINT WARNING * * *
You feel sick.
The worker ant bites you but does no damage.
You take 1 damage, and have 4/18 hp.
You hit the worker ant.
The worker ant is severely wounded.
* * * LOW HITPOINT WARNING * * *
You feel sick. The worker ant bites you.
* * * LOW HITPOINT WARNING * * *
You take 3 damage, and have 1/18 hp.
You barely miss the worker ant.
The worker ant is severely wounded.
You die...

█....██......█
███....██..>†..█
██..............█
█.......██......█
........██......█
.>.█.......██████
........██.█
......?.██B█
█.......██@█
.......:██.█
█.......██.██ █
█..█ .......█.█
.......█.█
.......█.█
█.....██.█ ......
█.█


You could see a worker ant.

Vanquished Creatures
  A leopard gecko (D:4)
1 creature vanquished.

Notes
Turn   | Place    | Note
-------+----------+-------------------------------------------
     0 | D:5      | Goblin1989 the Demonspawn Delver began the quest for the
                  | Orb.
     0 | D:5      | Reached XP level 1. HP: 18/18 MP: 1/1
    42 | D:4      | Noticed a worker ant
    65 | D:4      | Succumbed to a worker ant's poison

Illustrated notes

Levels and vault maps discovered:
D:4:      layout_rooms, kennysheep_mini_moat, amethyst_overflow_temple_binary,
          uniq_pikel
D:5:      minmay_evil_eye, layout_cave_pools, minmay_temple_entry_butterflies,
          ebering_ghost_sewer_d, serial_co_window_serial, co_window_corner_a,
          co_window_cross_1, co_window_paths_a, co_window_of_opportunity_a,
          co_window_paths_b, co_window_of_opportunity_b,
          co_window_unsneaky_path_a, co_window_broadway_a,
          co_window_of_opportunity_b, co_window_corner_ca, co_window_corner_b,
          glass_columns_b, glass_columns_a, glass_columns_a, glass_columns_a,
          glass_columns_a, lemuel_flame_loot_1

Skill      XL: |  1 |
---------------+----+-----
Maces & Flails | 2 |  2.0
Fighting       | |  3.0
Dodging        | |  1.7
Stealth        | |  4.5

Action                   || total
-------------------------++-------
Melee: Mace              ||    15
  Use: Potion            ||     1
 Stab: Sleeping          ||     1
Armor: Leather armour    ||     1
Dodge: Dodged            ||     7
